AoeStats
← :)

MegaRandom

507106491Analyzed
4v4 RM · 17d ago on Sep 16, 2026· 29m 46s· 8 players
Game mode
Random Map
Map size
Large (8 player)
Population
200
Speed
Normal
Resources
Standard
Victory
Conquest
Starting age
Dark Age
Ending age
Imperial Age
RankedLock teamsTeams togetherTeam positionsShared explorationLock speedFull tech treeHidden civsTurbo modeCheats
Victory
Defeat
🇦🇷 Mongols · Argentina
1413
+12
🇦🇷 Slavs · Argentina
1411
+12
🇦🇷 Magyars · Argentina
1387
+13
🇮🇳 Dravidians · India
1320
+17
🇲🇽 Franks · Mexico
1346
-14
🇩🇪 Goths · Germany
1335
-14
🇪🇸 Mongols · Spain
1318
-13
🇹🇷 Poles · Türkiye
1315
-13
ChaosReigns
11:45 Feudal Age
12:10 Loom
16:19 Castle Age
22:52 Scale Barding Armor
23:32 Fletching
Wiktor
9:07 Loom
11:18 Feudal Age
16:17 Fletching
22:58 Castle Age
22:21 Stone Mining
23:47 Double-Bit Axe
23:39 Crossbowman
VL Ferdinand
7:12 Loom
10:04 Feudal Age
10:41 Double-Bit Axe
11:05 Town Watch
15:20 Scale Barding Armor
15:43 Forging
16:22 Wheelbarrow
DerAbwurster
0:56 Loom
11:27 Feudal Age
15:54 Castle Age
14:31 Double-Bit Axe
14:48 Scale Mail Armor
14:33 Horse Collar
15:30 Fishing Lines
16:49 Bow Saw
18:53 Squires
23:06 Chain Mail Armor
23:26 Forging
24:41 Anarchy
27:35 Wheelbarrow
26:46 Town Watch
26:55 Pikeman
29:53 Iron Casting
sk
10:25 Feudal Age
14:13 Castle Age
13:14 Double-Bit Axe
13:55 Loom
14:27 Fletching
16:02 Wheelbarrow
15:19 Horse Collar
18:55 Bodkin Arrow
20:54 Padded Archer Armor
22:07 Ballistics
23:49 Husbandry
24:47 Bloodlines
24:50 Thumb Ring
26:27 Leather Archer Armor
26:33 Gold Mining
28:02 Wheelbarrow
:)
6:29 Loom
9:00 Feudal Age
9:39 Double-Bit Axe
10:40 Horse Collar
16:55 Scale Barding Armor
18:52 Wheelbarrow
22:56 Castle Age
21:47 Bloodlines
24:02 Chain Barding Armor
24:47 Husbandry
25:07 Gold Mining
poi
7:40 Loom
10:17 Feudal Age
10:19 Man-at-Arms
12:23 Double-Bit Axe
14:05 Horse Collar
21:31 Castle Age
20:42 Bloodlines
21:35 Scale Barding Armor
22:06 Gold Mining
22:18 Husbandry
21:45 Demolition Ship
23:41 Wheelbarrow
23:56 Forging
25:28 Chain Barding Armor
27:04 Bow Saw
29:55 Fletching
AztecKiller2427
4:32 Loom
10:00 Feudal Age
10:40 Double-Bit Axe
12:21 Padded Archer Armor
14:17 Padded Archer Armor
14:10 Fletching
14:21 Padded Archer Armor
22:06 Castle Age
21:23 Horse Collar
22:23 Crossbowman
23:08 Thumb Ring
23:09 Heavy Plow
23:23 Bow Saw
24:10 Bodkin Arrow
25:42 Leather Archer Armor
26:03 Town Watch
27:34 Wheelbarrow
30:02 Hand Cart
Connection lost

Rejoining the realm…

Still unreachable

The connection could not be restored.

Session expired

The server has moved on; the page needs a fresh start.